 Dungeon Crawl Stone Soup version 0.28.0-1-gb440e238dd (webtiles) character file.

Game seed: 7512967953535794327

235 a3don the Covered (level 6, -13/39 HPs)
             Began as a Gargoyle Fighter on Feb 20, 2022.
             Mangled by an ogre (23 damage)
             ... on level 4 of the Dungeon.
             The game lasted 00:02:48 (3026 turns).

a3don the Covered (Gargoyle Fighter)                Turns: 3026, Time: 00:02:50

Health: -13/39     AC: 17    Str: 16    XL:     6   Next: 5%
Magic:  6/6        EV:  6    Int: 11    God:
Gold:   145        SH:  5    Dex: 17    Spells: 5/5 levels left

rFire   + . .      SeeInvis .   k - +4 falchion of Mimamo Liamu {vorpal, rCorr Str-3 Dex+8}
rCold   . . .      Faith    .   c - +0 buckler
rNeg    + . .      Spirit   .   q - +2 chain mail {rF+}
rPois   ∞          Reflect  .   (no helmet)
rElec   +          Harm     .   (no cloak)
rCorr   +          Rampage  .   i - +0 pair of gloves
Will    .....                   (no boots)
Stlth   ..........              (no amulet)
HPRegen 0.13/turn               (no ring)
MPRegen 0.10/turn               (no ring)

@: no status effects
A: sickness immunity, AC +4, negative energy resistance 1, electricity
resistance, torment resistance 1, petrification resistance
a: no special abilities


You were on level 4 of the Dungeon.
You visited 1 branch of the dungeon, and saw 4 of its levels.

You collected 145 gold pieces.

Inventory:

Hand Weapons
 a - a +0 flail
 k - the +4 falchion of Mimamo Liamu (weapon) {vorpal, rCorr Str-3 Dex+8}
   (You found it on level 2 of the Dungeon)

   It inflicts extra damage upon your enemies.
   Str:       It affects your strength (-3).
   Dex:       It affects your dexterity (+8).
   rCorr:     It protects you from acid and corrosion.
 l - a +1 whip of distortion
 o - a +0 war axe
Missiles
 h - 130 stones (quivered)
 n - 9 poisoned darts
Armour
 c - a +0 buckler (worn)
 i - a +0 pair of gloves (worn)
 q - a +2 chain mail of fire resistance (worn)
Scrolls
 d - a scroll of immolation {unknown}
 e - a scroll of teleportation {unknown}
 f - 2 scrolls of fog {unknown}
 j - 5 scrolls of identify {unknown}
 m - a scroll of noise {unknown}
Potions
 g - 2 potions of lignification {unknown}
 p - a potion of curing {unknown}


   Skills:
 + Level 4.3 Fighting
 + Level 1.7 Long Blades
 + Level 3.2 Maces & Flails
 + Level 4.5 Armour
 + Level 4.3 Shields


You had 5 spell levels left.
You didn't know any spells.
Your spell library contained the following spells:

 Spells                   Type           Power      Damage    Failure   Level
 Tukima's Dance           Hex            0%         N/A       100%        3
 Passage of Golubria      Tloc           0%         N/A       100%        4
 Yara's Violent Unravell  Hex/Tmut       0%         3d3       100%        5


Dungeon Overview and Level Annotations

Branches:
Dungeon (4/15)
 Temple: D:4-7

Altars:
Kikubaaqudgha


Innate Abilities, Weirdness & Mutations

You are immune to sickness and miasma.
Your stone body is resilient. (AC +4)
You are immune to poison.
You resist negative energy. (rN+)
You are resistant to electric shocks. (rElec)
You are resistant to unholy torment.
You are immune to petrification.


Message History

No target in view!
Done exploring.
No target in view!
Okay, then.
Search for what [Enter for "dart", or ? for help]? chain
Things that are here:
a +0 short sword; a +2 chain mail of fire resistance; a necrophage skeleton
q - a +2 chain mail of fire resistance You start removing your armour.
You continue taking off your +0 scale mail. x4
You finish taking off your +0 scale mail.
You start putting on your armour.
You continue putting on your +2 chain mail of fire resistance. x5
You finish putting on your +2 chain mail of fire resistance.
You feel resistant to fire.
You drop a +0 scale mail.
Things that are here:
a +0 trident; a +0 scale mail Done exploring.
(D) Dungeon
Where to? (Enter - D:3 @ (x,y), ? - help)
There is a stone staircase leading down here.
You climb downwards.
The ogre shouts!
Found 22 stones and a dagger.
There is a stone staircase leading up here.
There are monsters nearby!
The ogre hits you with a +0 giant club!
You slash the ogre!
The ogre is heavily wounded.
The ogre hits you with a +0 giant club!
The bullfrog zombie hits you but does no damage.
You are too injured to fight recklessly!
You hit the ogre.
The ogre is severely wounded.
The bullfrog zombie hits you.
* * * LOW HITPOINT WARNING * * *
The ogre hits you with a +0 giant club!!
Ouch! That really hurt!
You die...

#####...#
....#...##
##.......### #
#...)......##..
#...(.......
#.........
#....O.# #.Z@#
#..<# #...####
#... ... .. .


You could see an ogre and a bullfrog zombie.

Vanquished Creatures
  A necrophage (D:3)
  An orc priest (D:3)
  Terence (D:3)
  3 adders
  2 worms (D:2)
  3 orcs (D:3)
  A bat zombie (D:3)
  6 endoplasms
  6 giant cockroaches
  6 goblins
  3 hobgoblins (D:1)
  6 kobolds
  2 quokkas
  8 ball pythons
  3 bats
  2 frilled lizards (D:3)
  3 rats
57 creatures vanquished.

Notes
Turn   | Place    | Note
-------+----------+-------------------------------------------
     0 | D:1      | a3don the Gargoyle Fighter began the quest for the Orb.
     0 | D:1      | Reached XP level 1. HP: 14/14 MP: 1/1
   108 | D:1      | Found a faded altar of an unknown god.
   275 | D:1      | Reached XP level 2. HP: 17/19 MP: 2/2
   875 | D:2      | Identified the +4 falchion of Mimamo Liamu {vorpal, rCorr
                  | Str-3 Dex+8}
   972 | D:2      | Reached XP level 3. HP: 23/23 MP: 3/3
  1732 | D:2      | Reached XP level 4. HP: 21/29 MP: 4/4
  2308 | D:3      | Reached skill level 1 in Long Blades
  2508 | D:3      | Reached XP level 5. HP: 33/33 MP: 5/5
  2554 | D:3      | Noticed Terence
  2556 | D:3      | Noticed a necrophage
  2570 | D:3      | Killed Terence
  2573 | D:3      | Killed a necrophage
  2574 | D:3      | Reached XP level 6. HP: 19/39 MP: 6/6
  2830 | D:3      | Found an ancient bone altar of Kikubaaqudgha.
  3026 | D:4      | Mangled by an ogre

Illustrated notes

Levels and vault maps discovered:
D:1:      dpeg_arrival_rooms_c, layout_basic,
          hellmonk_ecumenical_altar_leap_of_faith, amethyst_killhole
D:2:      layout_loops_cross
D:3:      layout_loops_cross, lemuel_zombie_altar_kikubaaqudgha,
          nrook_mini_backslash, uniq_terence
D:4:      cheibrodos_pilgrimage, layout_loops_corners,
          mainiacjoe_overflow_concentric_impassable,
          minmay_temple_entry_sparse_star, gammafunk_ghost_necromancy,
          sigmund_army

Skill      XL: |  1  2  3  4  5 |
---------------+----------------+-----
Armour         | 4 |  4.5
Fighting       | 4 |  4.3
Long Blades    | 1 |  1.7
Shields        | 4 |  4.3
Maces & Flails | 3 |  3.2

Action                   |  1- 3 |  4- 6 || total
-------------------------+-------+-------++-------
Melee: Flail             |    42 |       ||    42
       Falchion          |    43 |    48 ||    91
  Use: Potion            |       |     1 ||     1
Armor: Scale mail        |    49 |    24 ||    73
       Chain mail        |       |     1 ||     1
Dodge: Dodged            |    33 |    12 ||    45
Block: Buckler           |    21 |    10 ||    31
